 Dungeon Crawl Stone Soup version 0.26.0-45-g9c1d065592 (webtiles) character file.

Game seed: 7558336310992915694

55 Kejsarherre the Slasher (level 3, 0/29 HPs)
             Began as a Demonspawn Monk on Jan 31, 2021.
             Slain by a quokka (2 damage)
             ... on level 2 of the Dungeon.
             The game lasted 00:03:23 (1102 turns).

Kejsarherre the Slasher (Demonspawn Monk)           Turns: 1102, Time: 00:03:23

Health: 0/29       AC:  3    Str: 11    XL:     3   Next: 67%
Magic:  3/3        EV: 12    Int: 12    God:
Gold:   82         SH:  0    Dex: 17    Spells: 2/2 levels left

rFire    + . .     SeeInvis .   a - +0 falchion
rCold    . . .     Faith    .   (no shield)
rNeg     . . .     Spirit   .   i - +0 leather armour
rPois    .         Reflect  .   (no helmet)
rElec    .         Harm     .   (no cloak)
rCorr    .         Rampage  .   (no gloves)
Will     .....                  (no boots)
Stlth    +++.......             (no amulet)
HPRegen  0.09/turn              d - ring of protection from fire
MPRegen  0.08/turn              (no ring)

@: mighty, brilliant, lethally poisoned (0 -> -12)
A: thin skeletal structure 1
a: no special abilities


You were on level 2 of the Dungeon.
You visited 1 branch of the dungeon, and saw 2 of its levels.

You collected 82 gold pieces.

Inventory:

Hand Weapons
 a - a +0 falchion (weapon)
Missiles
 g - 17 poisoned darts (quivered)
Armour
 i - a +0 leather armour (worn)
Jewellery
 d - a ring of protection from fire (left hand)
Scrolls
 b - 2 scrolls of remove curse {unknown}
 c - 2 scrolls of identify {unknown}
 f - a scroll of enchant weapon {unknown}
 j - a scroll of teleportation {unknown}
 k - a scroll of blinking {unknown}
 l - a scroll of fear {unknown}


   Skills:
 - Level 3.0 Fighting
 + Level 4.3 Long Blades
 - Level 2.6 Dodging
 - Level 1.7 Stealth


You had 2 spell levels left.
You didn't know any spells.
Your spell library was empty.

Dungeon Overview and Level Annotations

Branches:
Dungeon (2/15)

Altars:


Innate Abilities, Weirdness & Mutations

You have a somewhat thin skeletal structure. (Dex +2, Stealth)


Message History

You kill the adder!
The quokka barely misses you.
You riposte.
You closely miss the quokka.
Unknown command.
Unknown command.
It was a potion of brilliance.
You feel clever all of a sudden.
* * * LOW HITPOINT WARNING * * *
You feel sick.
The quokka bites you but does no damage.
Unknown command.
Unknown command.
You hit the rat.
The rat is heavily wounded.
* * * LOW HITPOINT WARNING * * *
You feel sick. The hobgoblin hits you with a +0 club.
* * * LOW HITPOINT WARNING * * *
The rat misses you.
You riposte.
You barely miss the rat.
The rat is heavily wounded.
The quokka bites you.
You die...

############......... ..
...............(....
#.####..................
........................
.....#..................
#......................
.####...................
.....hrg#######.........
#####.#@# #......... ..
#r# #......... ## #h#
#####...## .h.........#
#'''# .#.........#
#####...## #.........#
#§###...## #..>...[..#
#§§○##.⌠.## ##........#
○.§.☼#...#☼ ##########
#.°.##...##


You could see a howler monkey, a quokka, a jackal, a hobgoblin and a rat.

Vanquished Creatures
  An adder (D:2)
  A worm (D:2)
  2 dart slugs
  2 leopard geckos
  A ball python (D:1)
  5 goblins
  3 hobgoblins (D:1)
  3 jackals (D:2)
  4 bats
  5 frilled lizards
  6 kobolds
  6 rats (D:1)
39 creatures vanquished.

Notes
Turn   | Place    | Note
-------+----------+-------------------------------------------
     0 | D:1      | Kejsarherre the Demonspawn Monk began the quest for the
                  | Orb.
     0 | D:1      | Reached XP level 1. HP: 18/18 MP: 1/1
    69 | D:1      | Reached skill level 3 in Long Blades
   155 | D:1      | Gained mutation: You have a somewhat thin skeletal
                  | structure. (Dex +2, Stealth) [demonic ancestry]
   155 | D:1      | Reached XP level 2. HP: 24/24 MP: 2/2
   814 | D:1      | Reached XP level 3. HP: 26/29 MP: 3/3
   913 | D:2      | Reached skill level 4 in Long Blades
  1102 | D:2      | Slain by a quokka

Illustrated notes

Levels and vault maps discovered:
D:1:      saegor_arrival_under_anarchy, layout_rooms
D:2:      minmay_inner_zag, layout_basic, nemelex_altar_shiori

Skill      XL: |  1  2  3 |
---------------+----------+-----
Long Blades    | 3 4 |  4.3
Fighting       | |  3.0
Dodging        | |  2.6
Stealth        | |  1.7

Action                   || total
-------------------------++-------
Melee: Falchion          ||   103
Throw: Dart              ||     6
  Use: Potion            ||     2
 Stab: Sleeping          ||     2
Armor: Robe              ||     9
       Leather armour    ||    16
Dodge: Dodged            ||    87
       Rpst.: Falchion   ||    31
